 Dungeon Crawl Stone Soup version 0.31-a0-1549-g5ff9445e89 (webtiles) character file.

Game seed: 8119369416899110985

202766 Xavori the Thaumaturge (level 19, -38/152 HPs)
             Began as a Djinni Chaos Knight on Jan 2, 2024.
             Was a Plaything of Xom.
             Killed from afar by a deep elf knight (48 damage)
             ... with a shard of ice
             ... on level 1 of the Elven Halls.
             The game lasted 01:09:02 (32529 turns).

Xavori the Thaumaturge (Djinni Chaos Knight)       Turns: 32529, Time: 01:09:02

Health: -38/152    AC: 11    Str: 15    XL:     19   Next: 29%
Gold:   3934       EV: 21    Int: 21    God:    Xom [.....*] SH: 12 Dex: 26

rFire   + . .        Y - +5 demon blade (protect)
rCold   . . .        P - +0 buckler
rNeg    . . .        L - +2 leather armour of the Spheres {Slay+3}
rPois   ∞            t - +1 hat of Inquiry {MP+9 Slay+4}
rElec   +            R - +1 cloak
rCorr   +            (no gloves)
SInv    .            (boots unavailable)
Will    +++++        r - amulet of reflection
Stlth   +            x - ring of the Ferocious God {rElec Slay+4}
HPRegen 0.45/turn    k - ring of Zuto {Ice Will+ rCorr Dex+2}
MPRegen 0.00/turn

%: reflection, clarity, infuse magic (-39 HP)
@: on fire, flying, glowing, studying Armour
A: sickness immunity, fire resistance 2, cold vulnerability 1, float, innate
caster, HP casting, extra vitality 1, claws 1, fangs 1, thin skeletal structure
1, agile 2, clarity, clever 2, strong-willed 3, mutation resistance 1, robust 1,
shaggy fur 1, electricity resistance, strong 2, no potion heal 1
}: 1/15 runes: decaying
a: Renounce Religion


You were on level 1 of the Elven Halls.
You worshipped Xom.
You were Xom's teddy bear.
You visited 5 branches of the dungeon, and saw 27 of its levels.
You also visited: Bailey, Gauntlet and Volcano.

You collected 5092 gold pieces.
You spent 1158 gold pieces at shops.

Inventory:

Hand Weapons
 J - a +3 scimitar of freezing
 U - a +3 scimitar of flaming
 Y - a +5 demon blade of protection (weapon)
Missiles
 s - 3 throwing nets
Armour
 t - the +1 hat of Inquiry (worn) {MP+9 Slay+4}
   (You acquired it on level 12 of the Dungeon)

   Slay+4:    It affects your accuracy & damage with ranged weapons and melee
   (+4).
   MP+9:      It affects your magic capacity (+9).
 L - the +2 leather armour of the Spheres (worn) {Slay+3}
   (You found it in a bailey)

   Slay+3:    It affects your accuracy & damage with ranged weapons and melee
   (+3).
 P - a +0 buckler (worn)
 R - a +1 cloak (worn)
Jewellery
 i - a ring of protection from cold
 k - the ring of Zuto (right claw) {Ice Will+ rCorr Dex+2}
   (Xom gifted it to you on level 11 of the Dungeon)

   [ring of ice]

   Ice:       It enhances your ice magic.
   Dex+2:     It affects your dexterity (+2).
   rF-:       It makes you vulnerable to fire.
   rC+:       It protects you from cold.
   Will+:     It increases your willpower.
   rCorr:     It protects you from acid and corrosion.
 r - an amulet of reflection (around neck)
 x - the ring of the Ferocious God (left claw) {rElec Slay+4}
   (You acquired it on level 4 of the Dungeon)

   [ring of slaying]

   Slay+4:    It affects your accuracy & damage with ranged weapons and melee
   (+4).
   rElec:     It insulates you from electricity.
 I - a ring of fire
 T - a +4 ring of protection
 X - a ring of positive energy
Wands
 f - a wand of charming (39)
 q - a wand of mindburst (17)
 A - a wand of flame (92)
 E - a wand of digging (5)
 F - a wand of roots (25)
 H - a wand of polymorph (33)
 O - a wand of acid (29)
Scrolls
 c - a scroll of butterflies
 h - 2 scrolls of blinking
 o - 3 scrolls of enchant armour
 p - 11 scrolls of teleportation
 u - 3 scrolls of poison
 w - 2 scrolls of fog
 y - 3 scrolls of revelation
 z - a scroll of summoning
 C - 4 scrolls of enchant weapon
 K - a scroll of silence
 N - 4 scrolls of immolation
 S - 5 scrolls of fear
 W - a scroll of vulnerability
 Z - a scroll of identify
Potions
 a - a potion of lignification
 b - 4 potions of might
 d - 4 potions of ambrosia
 e - 7 potions of brilliance
 g - 7 potions of haste
 j - 2 potions of berserk rage
 l - 13 potions of curing
 m - a potion of resistance
 n - 4 potions of attraction
 v - 10 potions of heal wounds
 B - 4 potions of enlightenment
 D - a potion of cancellation
 G - 3 potions of invisibility
 M - 4 potions of mutation
Miscellaneous
 Q - a phantom mirror
 V - a condenser vane (inert)


   Skills:
 + Level 13.4 Fighting
 + Level 12.4 Long Blades
 + Level 13.2 Armour
 - Level 11.0 Dodging
 - Level 5.5 Shields
 * Level 13.5 Spellcasting
 * Level 13.5 Conjurations
 * Level 13.5 Hexes
 * Level 13.5 Summonings
 * Level 13.5 Necromancy
 * Level 13.5 Translocations
 * Level 13.5 Fire Magic
 * Level 13.5 Ice Magic
 * Level 13.5 Air Magic
 * Level 13.5 Earth Magic
 * Level 13.5 Alchemy
 - Level 10.0 Evocations
 * Level 7.9 Shapeshifting


You knew the following spells:

 Your Spells              Type           Power      Damage    Failure   Level
a - Shock                 Conj/Air       100%       1d9       1%          1
b - Scorch                Fire           100%       2d9       1%          2
c - Gell's Gravitas       Tloc           63%        N/A       1%          3
d - Sticky Flame          Fire/Alch      63%        2d11      1%          4
e - Freezing Cloud        Conj/Ice/Air   41%        6-21      1%          5
f - Arcjolt               Conj/Air       31%        1d41      1%          5
g - Plasma Beam           Fire/Air       31%        2x1d44    4%          6
h - Bombard               Conj/Erth      31%        9d6       4%          6
i - Orb of Destruction    Conj           31%        9d10      22%         7
Your spell library was empty.

Dungeon Overview and Level Annotations

Branches:
Dungeon (15/15)            Temple (0/1) D:7            Lair (5/5) D:10
  Swamp (4/4) Lair:2       Spider (0/4) Lair:3        Slime (0/5) Lair:5
    Orc (2/2) D:11            Elf (1/3) Orc:2        Vaults (0/5) D:13
 Depths (0/4) D:15         Bailey (visited)         Volcano (visited)
Gauntlet (visited)

Altars:
Dithmenos
Elyvilon
Gozag
Makhleb
Nemelex Xobeh
Qazlal
Ru
Wu Jian
Xom
Zin
Jiyva

Shops:
D:3 !   D:5 :   D:12 *   Orc:2 [?:!

Portals:
Trove: D:10 (give +5 demon whip)


Innate Abilities, Weirdness & Mutations

You are immune to sickness and miasma.
You are immune to poison.
Your flesh is very heat resistant. (rF++)
You are vulnerable to cold. (rC-)
You float through the air rather than walking.
You learn spells naturally, not from books.
Your magical power is your life essence.
You have superior vitality. (+4 MHP)
You have sharp fingernails.
You have very sharp teeth.
You have a somewhat thin skeletal structure. (Dex +2, Stealth+)
You are very agile. (Dex +8, Str/Int -2)
You possess an exceptional clarity of mind.
Your mind is very acute. (Int +8, Str/Dex -2)
You are extremely strong-willed. (Will+++)
You are somewhat resistant to further mutation.
You are robust. (+10% HP)
You are covered in fur. (AC +1)
You are resistant to electric shocks. (rElec)
Your muscles are very strong. (Str +8, Int/Dex -2)
Potions are less effective at restoring your health.


Message History

The deep elf zephyrmancer gestures wildly while chanting.
The deep elf zephyrmancer blinks!
The deep elf archer shoots an arrow.
The arrow hits you!!
There is a staircase back to the Mines, spattered with blood here.
Casting: Arcjolt (mildly dangerous; 1% risk of failure)
Confirm with . or Enter, or press ? or * to list all spells.
Electricity surges outward!
The deep elf pyromancer is struck by an electric surge!!
The deep elf pyromancer is severely wounded.
The deep elf pyromancer is struck by an electric surge!
The deep elf pyromancer is moderately wounded.
The liquid fire burns you!
You block the deep elf pyromancer's attack.
A deep elf pyromancer comes into view. It is wielding a +0 rapier.
The deep elf pyromancer hits you but does no damage.
The deep elf archer shoots an arrow.
You block the arrow with an invisible shield... and reflect it back!
The arrow closely misses the deep elf archer.
Unknown command.
Casting: Arcjolt (mildly dangerous; 1% risk of failure)
Confirm with . or Enter, or press ? or * to list all spells.
Electricity surges outward!
The deep elf pyromancer is struck by an electric surge!!
You kill the deep elf pyromancer!
The deep elf pyromancer is struck by an electric surge!!
The deep elf pyromancer is almost dead.
The liquid fire burns you!
The deep elf knight points at you and mumbles some strange words.
The shard of ice hits you!!
* * * LOW HITPOINT WARNING * * *
You block the deep elf pyromancer's attack.
The deep elf pyromancer casts a spell.
The deep elf pyromancer blinks!
The deep elf archer shoots an arrow.
The arrow hits you!
* * * LOW HITPOINT WARNING * * *
Xom is mildly amused.
The deep elf knight casts a spell at you.
The shard of ice hits you!!!
You die...
Xom chuckles heartily!

.....?###
.....§..# .##
........#####$.
e......e........
.........##.##.#
.........#...#.#
.......).).....#
...............#
.....#.@)......#
.... ##e......).
.. ##....##.#
..##e# # ... ...
#.#.###. .#. ..
.


You could see a deep elf archer (repels missiles), a deep elf knight (fast) and
2 deep elf pyromancers.

Vanquished Creatures
  the Lernaean hydra (Swamp:4)
  An iron giant (Swamp:4)
  Rupert (Lair:4)
  A thorn hunter (Swamp:4)
  Aizul (Swamp:3)
  2 fenstrider witches
  3 ghouls (Swamp:2)
  A quicksilver ooze (Orc:2)
  3 eleionomae
  Nessos (Lair:4)
  3 bunyips
  A minotaur (Gauntlet)
  Snorg (D:11)
  A crystal guardian (D:15)
  An entropy weaver (D:13)
  A fire dragon (D:15)
  23 hydras
  A vault guard (D:13)
  3 ogre magi (D:15)
  A shambling mangrove (Swamp:4)
  5 ghost crabs
  2 catoblepae
  4 centaur warriors
  9 alligators
  8 death yaks
  An alligator (shapeshifter) (D:15)
  6 two-headed ogres
  A boulder beetle (Lair:2)
  3 orc high priests (Orc:2)
  A hell knight (D:15)
  A wretched star (Gauntlet)
  Sonja (D:11)
  2 deep elf knights
  4 fire crabs
  10 skeletal warriors
  3 skysharks
  4 goliath frogs
  4 spriggan druids
  11 swamp dragons
  19 bog bodies
  2 deep elf archers (Elf:1)
  A lindwurm (D:15)
  4 deep elf zephyrmancers
  8 spectral spriggans (Swamp:2)
  7 orc knights
  A manticore (D:13)
  11 ugly things
  A salamander (shapeshifter) (D:15)
  5 deep elf pyromancers
  An oklob plant (Lair:4)
  7 orc sorcerers
  4 cyclopes
  4 salamanders
  A molten gargoyle (D:15)
  3 torpor snails
  3 rust devils (D:15)
  2 kobold blastminers (Orc:2)
  7 black mambas
  18 elephants
  21 cane toads
  4 gargoyles (D:15)
  3 yaktaurs (D:15)
  2 minotaur zombies (Gauntlet)
  Jeremiah (D:8)
  3 rime drakes
  5 kobold demonologists
  2 unseen horrors (D:11)
  A yaktaur (shapeshifter) (Lair:3)
  3 efreet
  3 freezing wraiths (Swamp:2)
  8 komodo dragons
  7 trolls
  A tengu conjurer (D:12)
  6 tyrant leeches
  2 bloated husks (Swamp:2)
  3 polar bears
  24 blink frogs
  5 hornets
  3 dream sheep
  A raiju (D:15)
  2 jumping spiders (Lair:3)
  Sigmund (D:6)
  A centaur simulacrum (D:14)
  10 slime creatures
  2 wraiths (D:12)
  2 shadows
  An air elemental (D:15)
  4 spriggans
  5 water elementals (D:15)
  A vampire (D:8)
  31 yaks
  7 basilisks
  3 wyverns
  A fire bat (Volcano)
  2 steam dragons
  Grum (Lair:1)
  3 wargs
  A swamp worm (shapeshifter) (D:15)
  14 vampire mosquitoes
  2 acid dragons
  8 swamp worms
  2 hell hounds (Volcano)
  20 water moccasins
  5 black bears
  2 sky beasts
  9 swamp drakes
  25 orc warriors
  2 meliai simulacra (D:15)
  15 centaurs
  3 laughing skulls (Gauntlet)
  6 wolves (Lair:1)
  6 ogres
  2 phantoms
  23 bullfrogs
  6 kobold brigands
  Blork the orc (D:6)
  2 small abominations (Gauntlet)
  A gnoll sergeant (D:10)
  2 scorpions
  8 wights (D:8)
  12 killer bees
  2 howler monkeys (D:10)
  9 electric eels
  A crimson imp (D:4)
  4 hounds
  5 jellies
  2 bombardier beetles
  2 gnoll boudas
  14 orc priests
  An iguana (D:5)
  2 sleepcaps
  15 orc wizards
  16 gnolls
  12 adders
  A shadow imp (D:5)
  5 white imps
  2 dart slugs (D:1)
  A ribbon worm (D:4)
  54 orcs
  7 ball pythons
  2 bats (D:2)
  9 endoplasms
  3 giant cockroaches
  A giant cockroach (shapeshifter) (D:4)
  13 goblins
  6 hobgoblins
  5 jackals
  8 quokkas
  3 frilled lizards
  19 kobolds
  5 rats
831 creatures vanquished.

Vanquished Creatures (collateral kills)
  Maggie (D:7)
  A cane toad (Lair:5)
  A tyrant leech (Lair:5)
  A blink frog (Lair:5)
  2 yaks (D:7)
  2 vampire mosquitoes (Lair:5)
  3 orcs
11 creatures vanquished.

Vanquished Creatures (others)
  A deep elf pyromancer (D:15)
  A bloated husk (Swamp:2)
  A swamp drake (Swamp:2)
  An orc priest (D:9)
4 creatures vanquished.

Grand Total: 846 creatures vanquished

Notes
Turn   | Place    | Note
-------+----------+-------------------------------------------
     0 | D:1      | Xavori the Djinni Chaos Knight began the quest for the Orb.
     0 | D:1      | Reached XP level 1. HP: 20/20 MP: 0/0
    33 | D:1      | XOM: silly message
    52 | D:1      | XOM: divination: magic mapping
   188 | D:1      | Reached XP level 2. HP: 23/25 MP: 0/0
   355 | D:1      | XOM: give mutation
   355 | D:1      | Gained mutation: You have a pair of small antennae on your
                  | head. [Xom's grace]
   611 | D:1      | Reached XP level 3. HP: 30/30 MP: 0/0
   611 | D:1      | Learned a level 1 spell: Shock
   720 | D:1      | XOM: divination: magic mapping
   772 | D:1      | Reached skill level 1 in Spellcasting
   772 | D:1      | Reached skill level 1 in Conjurations
   772 | D:1      | Reached skill level 1 in Hexes
   772 | D:1      | Reached skill level 1 in Summonings
   772 | D:1      | Reached skill level 1 in Necromancy
   772 | D:1      | Reached skill level 1 in Translocations
   772 | D:1      | Reached skill level 1 in Fire Magic
   772 | D:1      | Reached skill level 1 in Ice Magic
   772 | D:1      | Reached skill level 1 in Air Magic
   772 | D:1      | Reached skill level 1 in Earth Magic
   772 | D:1      | Reached skill level 1 in Alchemy
   968 | D:1      | XOM: give mutation
   968 | D:1      | Gained mutation: You have a somewhat thin skeletal
                  | structure. (Dex +2, Stealth+) [Xom's grace]
  1104 | D:1      | XOM: god gift: cyan potion {god gift}
  1165 | D:1      | XOM: give mutations
  1165 | D:1      | Gained mutation: You are clumsy. (Dex -2) [Xom's mischief]
  1237 | D:1      | XOM: scenery: 1 doors open, 1 doors close
  1498 | D:1      | XOM: silly message
  1579 | D:1      | XOM: silly message
  1691 | D:1      | XOM: noise
  1881 | D:1      | XOM: noise
  2250 | D:1      | XOM: god gift: hat {god gift}
  3570 | D:1      | XOM: give mutations
  3570 | D:1      | Lost mutation: You are clumsy. (Dex -2) [Xom's mischief]
  3570 | D:1      | Gained mutation: You are somewhat resistant to further
                  | mutation. [Xom's mischief]
  3570 | D:1      | Lost mutation: You are somewhat resistant to further
                  | mutation. [Xom's mischief]
  3570 | D:1      | Lost mutation: You have a somewhat thin skeletal structure.
                  | (Dex +2, Stealth+) [Xom's mischief]
  3733 | D:1      | XOM: scenery: 1 doors open, 1 doors close
  4348 | D:1      | XOM: god gift: Great Wizards, Vol. II
  4778 | D:1      | XOM: give mutations
  4778 | D:1      | Gained mutation: You are partially covered in iridescent
                  | scales. (AC +2) [Xom's mischief]
  4778 | D:1      | Gained mutation: Your mind is acute. (Int +4, Str/Dex -1)
                  | [Xom's mischief]
  5260 | D:1      | XOM: scenery: 1 doors open, 1 doors close
  5558 | D:2      | Reached XP level 4. HP: 32/35 MP: 0/0
  5685 | D:2      | XOM: 5-stop teleportation journey
  5869 | D:2      | XOM: torment (19/35 hp)
  6332 | D:3      | Found Tasaeti's Distillery.
  6363 | D:3      | Bought a potion of degeneration for 14 gold pieces
  6363 | D:3      | Bought 2 potions of curing for 84 gold pieces
  6452 | D:3      | XOM: summons 4 friendly demons
  6456 | D:3      | Reached XP level 5. HP: 24/40 MP: 0/0
  6456 | D:3      | Learned a level 2 spell: Scorch
  6569 | D:3      | Found a sparkling altar of Nemelex Xobeh.
  6588 | D:3      | XOM: cast spell 'Fugue of the Fallen'
  6678 | D:3      | Found a sacrificial altar of Ru.
  6678 | D:3      | Found a white marble altar of Elyvilon.
  6777 | D:3      | XOM: 3-stop teleportation journey
  6954 | D:3      | Reached XP level 6. HP: 24/46 MP: 0/0
  7077 | D:2      | XOM: give mutation
  7077 | D:2      | Gained mutation: You are mostly covered in iridescent
                  | scales. (AC +4) [Xom's grace]
  7090 | D:3      | XOM: give mutations
  7090 | D:3      | Gained mutation: You have hidden genetic potential. [Xom's
                  | grace]
  7090 | D:3      | Gained mutation: You are agile. (Dex +4, Str/Int -1) [Xom's
                  | grace]
  7090 | D:3      | Gained mutation: You are very agile. (Dex +8, Str/Int -2)
                  | [Xom's grace]
  7090 | D:3      | Gained mutation: You are strong-willed. (Will+) [Xom's
                  | grace]
  7245 | D:3      | Found an ornate altar of the Wu Jian Council.
  7245 | D:3      | Found a shadowy altar of Dithmenos.
  7246 | D:3      | Found an opulent altar of Gozag.
  7474 | D:4      | Found a shimmering altar of Xom.
  7474 | D:4      | Found a burning altar of Makhleb.
  7542 | D:4      | XOM: confuse monster(s)
  7545 | D:4      | an orc changed into a shapeshifter
  7545 | D:4      | Noticed a shapeshifter (shapeshifter)
  7545 | D:4      | XOM: polymorph orc -> shapeshifter
  7545 | D:4      | a shapeshifter changed into a hobgoblin
  7566 | D:4      | XOM: divination: detect items
  7629 | D:4      | Reached skill level 1 in Evocations
  7629 | D:4      | Reached XP level 7. HP: 48/51 MP: 0/0
  7629 | D:4      | Learned a level 3 spell: Gell's Gravitas
  7818 | D:4      | Identified a scroll of acquirement
  7818 | D:4      | Acquired the ring of the Ferocious God {rElec Slay+4}
  8093 | D:4      | XOM: god gift: rapier {god gift}
  8126 | D:5      | Entered Level 5 of the Dungeon
  8126 | D:5      | Found Deppa's Book Boutique.
  8372 | D:5      | Reached XP level 8. HP: 47/58 MP: 0/0
  8437 | D:5      | Found a glowing silver altar of Zin.
  8457 | D:5      | XOM: fake destruction
  8474 | D:5      | Gained mutation: Your muscles are strong. (Str +4, Int/Dex
                  | -1) [hidden potential]
  9034 | D:6      | Noticed Sigmund
  9035 | D:6      | Noticed Blork the orc
  9040 | D:6      | Killed Sigmund
  9190 | D:6      | Reached skill level 5 in Fighting
  9190 | D:6      | Reached XP level 9. HP: 62/65 MP: 0/0
  9190 | D:6      | Learned a level 4 spell: Sticky Flame
  9198 | D:6      | Gained mutation: Your natural rate of healing is unusually
                  | fast. [hidden potential]
  9198 | D:6      | Lost mutation: You have hidden genetic potential. [hidden
                  | potential expressed]
  9232 | D:6      | Killed Blork the orc
  9233 | D:6      | Reached skill level 5 in Dodging
  9463 | D:7      | Found a staircase to the Ecumenical Temple.
  9498 | D:7      | Noticed Maggie
  9503 | D:7      | XOM: cleaving
  9512 | D:6      | XOM: summons friendly quasit
  9517 | D:6      | XOM: polymorph yak -> sky beast
  9568 | D:7      | XOM: summons friendly ice devil
  9572 | D:7      | Reached skill level 5 in Long Blades
  9583 | D:7      | Killed Maggie
  9753 | D:7      | XOM: cloud trail
  9833 | D:7      | XOM: scenery: summon butterflies
  9897 | D:7      | Reached skill level 5 in Armour
  9909 | D:7      | XOM: give mutations
  9909 | D:7      | Gained mutation: Your muscles are very strong. (Str +8,
                  | Int/Dex -2) [Xom's grace]
  9909 | D:7      | Gained mutation: You are highly strong-willed. (Will++)
                  | [Xom's grace]
 10260 | D:7      | XOM: god gift: 12 gold pieces
 10605 | D:8      | Reached skill level 5 in Spellcasting
 10605 | D:8      | Reached skill level 5 in Conjurations
 10605 | D:8      | Reached skill level 5 in Hexes
 10605 | D:8      | Reached skill level 5 in Summonings
 10605 | D:8      | Reached skill level 5 in Necromancy
 10605 | D:8      | Reached skill level 5 in Translocations
 10605 | D:8      | Reached skill level 5 in Fire Magic
 10605 | D:8      | Reached skill level 5 in Ice Magic
 10605 | D:8      | Reached skill level 5 in Air Magic
 10605 | D:8      | Reached skill level 5 in Earth Magic
 10605 | D:8      | Reached skill level 5 in Alchemy
 10605 | D:8      | Reached XP level 10. HP: 62/72 MP: 0/0
 10723 | D:8      | Noticed Jeremiah
 10748 | D:8      | XOM: god gift: wand of charming (6)
 10777 | D:8      | Killed Jeremiah
 10847 | D:8      | Found a flagged portal.
 10862 | Bailey   | Entered a bailey
 10924 | Bailey   | XOM: enchant monster (good)
 10944 | Bailey   | Noticed an orc knight
 10949 | Bailey   | XOM: enchant monster (good)
 10960 | Bailey   | XOM: cast spell 'Death Channel'
 10963 | Bailey   | Killed an orc knight
 10964 | Bailey   | Reached skill level 5 in Evocations
 10970 | Bailey   | Noticed a kobold demonologist
 10981 | Bailey   | Killed a kobold demonologist
 11011 | Bailey   | Acquired 1078 gold pieces
 11091 | Bailey   | XOM: fake destruction
 11347 | Bailey   | Found an iron altar of Okawaru.
 11347 | Bailey   | Noticed an orc sorcerer
 11355 | Bailey   | XOM: confuse monster(s)
 11377 | Bailey   | Killed an orc sorcerer
 11378 | Bailey   | Reached XP level 11. HP: 78/78 MP: 0/0
 11378 | Bailey   | Learned a level 5 spell: Freezing Cloud
 11450 | Bailey   | Identified the +2 leather armour of the Spheres {Slay+3}
 12150 | D:9      | Noticed a two-headed ogre
 12163 | D:9      | Killed a two-headed ogre
 12206 | D:9      | XOM: scenery: 1 doors close
 12215 | D:9      | XOM: confuse monster(s)
 12237 | D:9      | XOM: scenery: 1 doors open
 12242 | D:9      | XOM: enchant monster (good)
 12417 | D:9      | Found a stormy altar of Qazlal.
 12475 | D:10     | Entered Level 10 of the Dungeon
 12508 | D:10     | Found a staircase to the Lair.
 12535 | D:10     | Noticed a two-headed ogre
 12542 | D:10     | XOM: divination: magic mapping
 12548 | D:10     | Killed a two-headed ogre
 12584 | D:10     | XOM: scenery: create altars
 12775 | D:10     | XOM: god gift: Xom's Directory of the Nexus {god gift}
 12800 | D:10     | You are sucked into a shaft and drop 1 floor!
 12804 | D:11     | Noticed Sonja
 12808 | D:11     | Killed Sonja
 12822 | D:11     | Noticed a cyclops
 12824 | D:11     | Noticed Snorg
 12826 | D:11     | Reached XP level 12. HP: 70/86 MP: 0/0
 12840 | D:11     | XOM: polymorph kobold brigand -> jackal
 13037 | D:10     | XOM: summons 4 hostile demons
 13250 | D:10     | XOM: noise
 13358 | D:10     | XOM: cloud trail
 13737 | D:10     | Found a portal to a secret trove of treasure.
 13835 | Lair:1   | Entered Level 1 of the Lair of Beasts
 13904 | Lair:1   | XOM: scenery: create altars
 14042 | Lair:1   | XOM: cleaving
 14044 | Lair:1   | XOM: confuse monster(s)
 14178 | Lair:1   | Reached skill level 1 in Shields
 14190 | Lair:1   | Noticed Grum
 14194 | Lair:1   | Killed Grum
 14201 | Lair:1   | XOM: enchant monster (good)
 14268 | Lair:1   | XOM: god gift: potion of brilliance
 14461 | Lair:1   | XOM: 1-stop teleportation journey
 14574 | Lair:1   | XOM: scenery: create altars
 14841 | Lair:1   | XOM: scenery: summon butterflies
 15182 | Lair:2   | XOM: noise
 15224 | Lair:2   | XOM: cleaving
 15327 | Lair:2   | XOM: cloud trail
 15340 | Lair:2   | XOM: 1-stop teleportation journey
 15382 | Lair:2   | Reached XP level 13. HP: 93/93 MP: 0/0
 15382 | Lair:2   | Learned a level 5 spell: Arcjolt
 15388 | Lair:2   | XOM: cleaving
 15396 | Lair:2   | XOM: 1-stop teleportation journey
 15885 | Lair:2   | XOM: cast spell 'Animate Armour'
 15959 | Lair:2   | XOM: enchant monster (good)
 15990 | Lair:2   | Noticed a seven-headed hydra
 15995 | Lair:2   | Killed a seven-headed hydra
 16129 | Lair:2   | Found a staircase to the Swamp.
 16208 | Lair:3   | Noticed a six-headed hydra
 16216 | Lair:3   | Killed a six-headed hydra
 16277 | Lair:3   | XOM: scenery: create altars
 16283 | Lair:3   | XOM: god gift: 22 gold pieces
 16284 | Lair:3   | XOM: enchant monster (bad)
 16328 | Lair:3   | XOM: potion effect (haste)
 16407 | Lair:3   | XOM: noise
 16573 | Lair:3   | XOM: cast spell 'Alistair's Intoxication'
 16587 | Lair:3   | Reached skill level 10 in Dodging
 16587 | Lair:3   | XOM: noise
 16678 | Lair:3   | XOM: confusion (+ monsters)
 16693 | Lair:3   | Found a hole to the Spider Nest.
 16694 | Lair:3   | XOM: chaos cloud
 16695 | Lair:3   | XOM: polymorph jumping spider -> glowing shapeshifter
 16708 | Lair:3   | XOM: repel stairs
 16726 | Lair:3   | Reached skill level 5 in Shields
 16748 | Lair:3   | XOM: confusion (+ monsters)
 16749 | Lair:3   | XOM: summons friendly shadow imp
 16827 | Lair:3   | Reached XP level 14. HP: 101/101 MP: 0/0
 16835 | Lair:3   | XOM: confusion (+ monsters)
 17141 | Lair:3   | XOM: silly message
 17471 | Lair:4   | Noticed Rupert
 17475 | Lair:4   | XOM: silly message
 17479 | Lair:4   | Killed Rupert
 17570 | Lair:4   | XOM: potion effect (haste)
 17571 | Lair:4   | Noticed Nessos
 17572 | Lair:4   | Reached skill level 10 in Fighting
 17579 | Lair:4   | XOM: potion effect (experience)
 17579 | Lair:4   | Reached XP level 15. HP: 77/107 MP: 0/0
 17579 | Lair:4   | Learned a level 6 spell: Plasma Beam
 17626 | Lair:4   | XOM: potion effect (might)
 17641 | Lair:4   | Reached skill level 10 in Spellcasting
 17641 | Lair:4   | Reached skill level 10 in Conjurations
 17641 | Lair:4   | Reached skill level 10 in Hexes
 17641 | Lair:4   | Reached skill level 10 in Summonings
 17641 | Lair:4   | Reached skill level 10 in Necromancy
 17641 | Lair:4   | Reached skill level 10 in Translocations
 17641 | Lair:4   | Reached skill level 10 in Fire Magic
 17641 | Lair:4   | Reached skill level 10 in Ice Magic
 17641 | Lair:4   | Reached skill level 10 in Air Magic
 17641 | Lair:4   | Reached skill level 10 in Earth Magic
 17641 | Lair:4   | Reached skill level 10 in Alchemy
 17686 | Lair:4   | XOM: potion effect (invisibility)
 17689 | Lair:4   | Killed Nessos
 17956 | Lair:4   | XOM: noise
 18148 | Lair:5   | Entered Level 5 of the Lair of Beasts
 18156 | Lair:5   | Reached skill level 10 in Armour
 18226 | Lair:5   | XOM: silly message
 18230 | Lair:5   | XOM: potion effect (curing)
 18232 | Lair:5   | XOM: silly message
 18328 | Lair:5   | XOM: summons 13 friendly demons
 18361 | Lair:5   | XOM: give mutations
 18361 | Lair:5   | Gained mutation: You are robust. (+10% HP) [Xom's grace]
 18361 | Lair:5   | Gained mutation: You are partially covered in large bone
                  | plates. (SH +4) [Xom's grace]
 18361 | Lair:5   | Gained mutation: You are resistant to electric shocks.
                  | (rElec) [Xom's grace]
 18361 | Lair:5   | Gained mutation: You expend health (3 HP) to strengthen
                  | your wands. [Xom's grace]
 18555 | Lair:5   | XOM: god gift: scimitar {god gift}
 18604 | Lair:5   | XOM: enchant monster (bad)
 18615 | Lair:5   | Reached XP level 16. HP: 101/126 MP: 0/0
 18616 | Lair:5   | Reached skill level 10 in Long Blades
 18717 | Lair:5   | Found a viscous altar of Jiyva.
 18755 | Lair:5   | Found a staircase to the Slime Pits.
 19277 | D:11     | XOM: enchant monster (good)
 19304 | D:11     | Killed Snorg
 19575 | D:11     | Found a staircase to the Orcish Mines.
 19693 | D:11     | Identified the ring of Zuto {Ice Will+ rCorr Dex+2} (Xom
                  | gifted it to you on level 11 of the Dungeon)
 19693 | D:11     | XOM: god gift: ring of Zuto {Ice Will+ rCorr Dex+2}
 19790 | Orc:1    | Entered Level 1 of the Orcish Mines
 19906 | Orc:2    | Entered Level 2 of the Orcish Mines
 19906 | Orc:2    | Found a staircase to the Elven Halls.
 19907 | Orc:2    | Found a dark tunnel.
 19980 | Volcano  | Entered a volcano
 20596 | Orc:2    | Found Xawkiargh's Armour Emporium.
 20596 | Orc:2    | Found Ruxt's Distillery.
 20596 | Orc:2    | XOM: 4-stop teleportation journey
 20598 | Orc:2    | XOM: fog
 20991 | Orc:2    | XOM: summons friendly crimson imp
 21001 | Orc:2    | XOM: potion effect (heal wounds)
 21050 | Orc:2    | XOM: stat loss: -1 Dex (22/23)
 21108 | Orc:2    | Found Giosoyt's Book Shop.
 21108 | Orc:2    | Found Toamu's Magic Scroll Emporium.
 21115 | Orc:2    | Bought a potion of haste for 150 gold pieces
 21115 | Orc:2    | Bought a potion of heal wounds for 75 gold pieces
 21115 | Orc:2    | Bought a potion of heal wounds for 75 gold pieces
 21115 | Orc:2    | Bought a potion of might for 60 gold pieces
 21115 | Orc:2    | Bought a potion of might for 60 gold pieces
 21115 | Orc:2    | Bought a potion of invisibility for 120 gold pieces
 21119 | Orc:2    | Bought a scroll of enchant weapon for 120 gold pieces
 21119 | Orc:2    | Bought 2 scrolls of identify for 64 gold pieces
 21119 | Orc:2    | Bought a scroll of teleportation for 48 gold pieces
 21119 | Orc:2    | Bought 3 scrolls of teleportation for 144 gold pieces
 21119 | Orc:2    | Bought a scroll of teleportation for 48 gold pieces
 21119 | Orc:2    | Bought 2 scrolls of teleportation for 96 gold pieces
 21348 | D:12     | Acquired the +1 hat of Inquiry {MP+9 Slay+4}
 21825 | D:12     | Found Kiarem's Serpentskin Sales.
 21906 | D:13     | XOM: summons 1 hostile demon
 22044 | D:13     | XOM: noise
 22057 | D:13     | XOM: confusion
 22067 | D:13     | XOM: chaos cloud
 22072 | D:13     | XOM: 3-stop teleportation journey
 22162 | D:13     | XOM: confuse monster(s)
 22167 | D:13     | Reached XP level 17. HP: 131/135 MP: 0/0
 22167 | D:13     | Learned a level 6 spell: Bombard
 22217 | D:13     | Found a gate to the Vaults.
 22286 | D:13     | XOM: silly message
 22295 | D:13     | XOM: cast spell 'Fugue of the Fallen'
 22297 | D:13     | Reached skill level 10 in Evocations
 22310 | D:13     | XOM: divination: detect creatures
 22730 | D:14     | XOM: noise
 22801 | D:14     | XOM: silly message
 22806 | D:14     | Reached skill level 1 in Shapeshifting
 22863 | D:14     | XOM: noise
 22939 | D:14     | XOM: silly message
 23066 | D:14     | Found a gate leading to a gauntlet.
 23075 | Gauntlet | Entered a Gauntlet
 23075 | Gauntlet | Found a transporter.
 23075 | Gauntlet | Found a transporter.
 23102 | Gauntlet | Found a transporter.
 23117 | Gauntlet | Found a transporter.
 23137 | Gauntlet | Found a transporter.
 23146 | Gauntlet | Found a transporter.
 23184 | Gauntlet | XOM: cloud trail
 23226 | Gauntlet | Found a transporter.
 23239 | Gauntlet | Found a transporter.
 23255 | Gauntlet | Found a transporter.
 23268 | Gauntlet | Found a transporter.
 23345 | Gauntlet | Found a transporter.
 23355 | Gauntlet | Found a transporter.
 23365 | Gauntlet | Found a transporter.
 23368 | Gauntlet | Found a transporter.
 23389 | Gauntlet | Found a transporter.
 23399 | Gauntlet | Found a transporter.
 23434 | Gauntlet | Identified the +0 ring mail "Bilauzxo" {*Slow +Inv rF+}
 23451 | Gauntlet | XOM: cloud trail
 23612 | Gauntlet | Identified the +10 sling of Tobafixt {speed, ^Contam Will+
                  | rCorr Stlth+}
 23612 | Gauntlet | Identified the amulet of Hyskeaqe {Acrobat ^Contam rC-
                  | Str+3 Int+4}
 23621 | Gauntlet | XOM: summons 1 hostile shadow creature
 23709 | Gauntlet | Identified the +1 hand axe "Irhi" {freeze, Dex+4}
 23931 | D:15     | Entered Level 15 of the Dungeon
 24157 | D:15     | Found a staircase to the Depths.
 24157 | D:15     | XOM: 9-stop teleportation journey
 24405 | D:15     | Identified the staff of Hitt {rElec rC+ MP-9 Dex+7 Ice}
 24416 | D:15     | XOM: summons 3 friendly demons
 24419 | D:15     | XOM: scenery: create altars
 24891 | D:15     | XOM: give mutation
 24891 | D:15     | Lost mutation: You have a pair of small antennae on your
                  | head. [Xom's mischief]
 25096 | D:10     | XOM: god gift: book of Party Tricks
 25125 | Lair:1   | XOM: give mutations
 25125 | Lair:1   | Lost mutation: Your natural rate of healing is unusually
                  | fast. [Xom's mischief]
 25125 | Lair:1   | Lost mutation: You are robust. (+10% HP) [Xom's mischief]
 25125 | Lair:1   | Gained mutation: You are covered in fur. (AC +1) [Xom's
                  | mischief]
 25125 | Lair:1   | Lost mutation: You are partially covered in large bone
                  | plates. (SH +4) [Xom's mischief]
 25136 | Lair:2   | XOM: god gift: 12 gold pieces
 25169 | Swamp:1  | Entered Level 1 of the Swamp
 25505 | Swamp:1  | Identified the +0 ring mail "Meymm" {rPois rC+}
 25528 | Swamp:1  | Identified the +8 halberd of the Sage {freeze, rPois}
 25629 | Swamp:1  | XOM: 1-stop teleportation journey
 25642 | Swamp:1  | XOM: polymorph swamp worm -> polar bear
 25692 | Swamp:1  | XOM: give mutations
 25692 | Swamp:1  | Gained mutation: You occasionally shout uncontrollably at
                  | your foes. [Xom's mischief]
 25692 | Swamp:1  | Lost mutation: You are mostly covered in iridescent scales.
                  | (AC +4) [Xom's mischief]
 25743 | Swamp:1  | Identified the +11 orcbow of the Volcano {drain, ^Contam
                  | rPois rC++ Int+3}
 25860 | Swamp:2  | Reached XP level 18. HP: 62/130 MP: 0/0
 26131 | Swamp:1  | XOM: give mutations
 26131 | Swamp:1  | Lost mutation: You expend health (3 HP) to strengthen your
                  | wands. [Xom's mischief]
 26131 | Swamp:1  | Lost mutation: You are partially covered in iridescent
                  | scales. (AC +2) [Xom's mischief]
 26131 | Swamp:1  | Gained mutation: You possess an exceptional clarity of
                  | mind. [Xom's mischief]
 26131 | Swamp:1  | Gained mutation: Potions are less effective at restoring
                  | your health. [Xom's mischief]
 26178 | Swamp:2  | Reached skill level 5 in Shapeshifting
 26398 | Swamp:2  | XOM: enchant monster (bad)
 27320 | Swamp:2  | XOM: 1-stop teleportation journey
 27351 | Swamp:2  | XOM: god gift: 55 gold pieces
 27462 | Swamp:2  | XOM: god gift: 674 gold pieces
 27534 | Swamp:2  | XOM: give mutations
 27534 | Swamp:2  | Gained mutation: You are somewhat resistant to further
                  | mutation. [Xom's grace]
 27534 | Swamp:2  | Gained mutation: You have a somewhat thin skeletal
                  | structure. (Dex +2, Stealth+) [Xom's grace]
 27534 | Swamp:2  | Gained mutation: Your spells are a little harder to cast,
                  | but a little more powerful. [Xom's grace]
 27947 | Swamp:2  | XOM: give mutations
 27947 | Swamp:2  | Gained mutation: You are extremely strong-willed. (Will+++)
                  | [Xom's grace]
 27947 | Swamp:2  | Gained mutation: Your mind is very acute. (Int +8, Str/Dex
                  | -2) [Xom's grace]
 27947 | Swamp:2  | Gained mutation: You are robust. (+10% HP) [Xom's grace]
 28005 | Swamp:2  | XOM: cast spell 'Summon Hydra'
 28025 | Swamp:2  | XOM: scenery: create altars
 28390 | Swamp:3  | Identified the serpent talisman "Mely" {Will- Str+4}
 28390 | Swamp:3  | Noticed Aizul
 28397 | Swamp:3  | Killed Aizul
 28577 | Swamp:3  | XOM: scenery: create altars
 28594 | Swamp:3  | XOM: divination: magic mapping
 28780 | Swamp:3  | XOM: summons 2 hostile demons
 29455 | Swamp:4  | Entered Level 4 of the Swamp
 29669 | Swamp:3  | XOM: stat loss: -1 Str (14/15)
 30206 | Swamp:4  | Identified the +8 falchion of Xom's Righteous Anger {venom,
                  | Str+4 Int-3 Dex+2} (Xom gifted it to you on level 4 of the
                  | Swamp)
 30206 | Swamp:4  | XOM: god gift: +8 falchion of Xom's Righteous Anger {venom,
                  | Str+4 Int-3 Dex+2}
 30214 | Swamp:4  | XOM: stat loss: -1 Int (20/21)
 30215 | Swamp:4  | XOM: destruction
 30216 | Swamp:4  | an eleionoma changed into an iron giant
 30216 | Swamp:4  | Noticed an iron giant
 30216 | Swamp:4  | XOM: polymorph eleionoma -> iron giant
 30220 | Swamp:4  | XOM: divine lightning
 30244 | Swamp:3  | XOM: give mutations
 30244 | Swamp:3  | Lost mutation: You possess an exceptional clarity of mind.
                  | [Xom's mischief]
 30244 | Swamp:3  | Lost mutation: Your spells are a little harder to cast, but
                  | a little more powerful. [Xom's mischief]
 30244 | Swamp:3  | Lost mutation: You occasionally shout uncontrollably at
                  | your foes. [Xom's mischief]
 30279 | Swamp:3  | XOM: give mutations
 30279 | Swamp:3  | Gained mutation: You have very sharp teeth. [Xom's grace]
 30279 | Swamp:3  | Gained mutation: You possess an exceptional clarity of
                  | mind. [Xom's grace]
 30279 | Swamp:3  | Gained mutation: You have sharp fingernails. [Xom's grace]
 30481 | Swamp:4  | Reached XP level 19. HP: 137/151 MP: 0/0
 30481 | Swamp:4  | Learned a level 7 spell: Orb of Destruction
 30504 | Swamp:4  | XOM: enchant monster (good)
 30510 | Swamp:4  | XOM: enchant monster (good)
 30541 | Swamp:4  | Killed an iron giant
 30860 | Swamp:4  | XOM: 3-stop teleportation journey
 30910 | Swamp:4  | XOM: noise
 30930 | Swamp:4  | XOM: potion effect (curing)
 31144 | Swamp:4  | Noticed the 27-headed Lernaean hydra
 31148 | Swamp:4  | XOM: scenery: 1 fountains blood, 1 doors close
 31162 | Swamp:4  | Killed the 27-headed Lernaean hydra
 31528 | Swamp:4  | XOM: summons friendly shadow imp
 31722 | Swamp:4  | Got a decaying rune of Zot
 31874 | Swamp:4  | Identified the +6 battleaxe of Resourcefulness {venom,
                  | *Slow Int+5}
 31901 | Swamp:4  | XOM: torment (77/152 hp)
 31963 | Swamp:4  | XOM: summons 10 hostile demons
 32214 | Swamp:3  | XOM: summons 8 hostile demons
 32363 | Elf:1    | Entered Level 1 of the Elven Halls
 32364 | Elf:1    | XOM: polymorph deep elf knight -> quicksilver ooze
 32370 | Orc:2    | XOM: smoke on damage
 32529 | Elf:1    | Killed from afar by a deep elf knight

Illustrated notes

Levels and vault maps discovered:
D:1:      lemuel_arrival_cross, layout_basic
D:2:      minmay_spotlight, layout_basic, chequers_arboretum, kennysheep_path_1,
          serial_bayou_pond_a
D:3:      layout_loops_ring, gammafunk_temple_overflow_claw,
          gammafunk_temple_overflow_forgotten, serial_shops,
          nicolae_shop_behind_doors, chequers_garden
D:4:      layout_rooms, grunt_temple_overflow_champion_of_chaos,
          small_statue_alley_b
D:5:      layout_basic, zin_academy, serial_shops,
          nicolae_shop_pleasant_corner_grove, kennysheep_generic_room_4
D:6:      layout_cave_pools, uniq_sigmund, uniq_blork_the_orc
D:7:      layout_layer_cave, temple_pool_b, uniq_maggie
D:8:      layout_loops_ring, enter_bailey_2, uniq_jeremiah
D:9:      layout_gridville, kennysheep_mini
D:10:     layout_basic, david_lair_generic, nicolae_trove_entry_crystal,
          chequers_big_river
D:11:     layout_cave_pools, david_orc_3, serial_park_tiny_pond, uniq_snorg,
          uniq_sonja
D:12:     layout_roguey, serial_curves, eino_curves_01, eino_curves_01,
          guppyfry_shop_venom
D:13:     layout_gridville, hellmonk_vaults_order_and_chaos
D:14:     layout_rooms, gauntlet_entry_generic,
          hangedman_abyss_or_decor_lesser_grid, kiku_gazebo_garden_becter
D:15:     hangedman_crystal_crosses_colossus [crystal_crosses_arms_two,
          crystal_crosses_arms_two, crystal_crosses_arms_one]
Lair:1:   layout_layer_cave, st_stairs_5, serial_bayou_lagoon_a,
          grunt_forest_small_clearings, lemuel_fruit_tree,
          infiniplex_staircase_pool, serial_bayou_shore_a, uniq_grum
Lair:2:   layout_roguey, mainiacjoe_swamp_entry_angry_trees,
          beast_lair_carwin_9, grunt_megastairs_3, infiniplex_staircase_pool_2
Lair:3:   layout_cave_pods, spider_nest_entry_a, serial_bayou,
          serial_bayou_pond_a, serial_bayou_pond_a, serial_bayou_crossing,
          serial_bayou_pond_e, guppyfry_lair_drakes
Lair:4:   layout_cave_shapes, serial_bayou_shore_b, uniq_rupert, uniq_nessos
Lair:5:   minmay_lair_end_frog_pond, layout_misc_corridors,
          minmay_slime_entry_pillars
Swamp:1:  layout_falls_marsh, evilmike_swamp_ruin_rubble_1
Swamp:2:  nicolae_swamp_flooded_prison, layout_basic_swamp,
          evilmike_swamp_ruin_rubble_2
Swamp:3:  layout_basic_swamp, nicolae_swamp_trees_clearing, uniq_aizul
Swamp:4:  grunt_swamp_rune_castle, layout_basic_swamp
Orc:1:    layout_diamond_mine, uniq_erolcha, uniq_fannar
Orc:2:    grunt_orc_tribal_feast, layout_caves, enter_volcano_4, basic_altar
Elf:1:    layout_loops_cross, serial_shops, nicolae_shop_peninsula,
          minmay_elf_annihilation, grunt_megastairs_1

Skill      XL: |  1  2  3  4  5  6  7  8  9 10 11 12 13 14 15 16 17 18 19 |
---------------+----------------------------------------------------------+-----
Spellcasting   | 1 2 3 4 5 6 7 8 9 10 11 12 13 | 13.5
Conjurations   | 1 2 3 4 5 6 7 8 9 10 11 12 13 | 13.5
Hexes          | 1 2 3 4 5 6 7 8 9 10 11 12 13 | 13.5
Summonings     | 1 2 3 4 5 6 7 8 9 10 11 12 13 | 13.5
Necromancy     | 1 2 3 4 5 6 7 8 9 10 11 12 13 | 13.5
Translocations | 1 2 3 4 5 6 7 8 9 10 11 12 13 | 13.5
Fire Magic     | 1 2 3 4 5 6 7 8 9 10 11 12 13 | 13.5
Ice Magic      | 1 2 3 4 5 6 7 8 9 10 11 12 13 | 13.5
Air Magic      | 1 2 3 4 5 6 7 8 9 10 11 12 13 | 13.5
Earth Magic    | 1 2 3 4 5 6 7 8 9 10 11 12 13 | 13.5
Alchemy        | 1 2 3 4 5 6 7 8 9 10 11 12 13 | 13.5
Long Blades    | 3 4 5 6 7 8 9 10 11 12 | 12.4
Armour         | 2 3 4 5 6 7 8 9 10 11 12 13 | 13.2
Dodging        | 3 4 5 7 8 9 10 11 | 11.0
Evocations     | 1 2 3 4 5 6 7 8 9 10 | 10.0
Fighting       | 4 5 6 7 8 9 10 11 12 13 | 13.4
Shields        | 3 5 |  5.5
Shapeshifting  | 4 7 |  7.9

Action                     |  1- 3 |  4- 6 |  7- 9 | 10-12 | 13-15 | 16-18 | 19-21 || total
---------------------------+-------+-------+-------+-------+-------+-------+-------++-------
  Melee: Falchion          |    93 |   177 |   171 |     9 |       |       |       ||   450
         Punch             |       |     2 |     1 |     6 |       |       |       ||     9
         Scimitar          |       |       |       |   432 |   289 |   493 |       ||  1214
         Demon blade       |       |       |       |       |       |   163 |    55 ||   218
         Bite              |       |       |       |       |       |       |    14 ||    14
   Cast: Shock             |       |     2 |       |       |       |       |       ||     2
         Scorch            |       |    11 |    24 |    36 |    39 |    25 |     2 ||   137
         Gell's Gravitas   |       |       |     1 |    12 |       |       |       ||    13
         Sticky Flame      |       |       |       |     5 |    11 |    17 |     2 ||    35
         Freezing Cloud    |       |       |       |    21 |    44 |    44 |       ||   109
         Arcjolt           |       |       |       |       |    22 |    13 |     4 ||    39
         Plasma Beam       |       |       |       |       |       |   230 |    24 ||   254
         Bombard           |       |       |       |       |       |    21 |     1 ||    22
         Orb of Destructio |       |       |       |       |       |       |     1 ||     1
  Evoke: Wand              |       |       |       |       |     4 |     3 |     1 ||     8
         Condenser vane    |       |       |       |       |       |       |     1 ||     1
    Use: Scroll            |     1 |     7 |     4 |     5 |     2 |    15 |     3 ||    37
         Potion            |     1 |       |       |       |       |       |     1 ||     2
   Stab: Sleeping          |     4 |     2 |     2 |     2 |       |     2 |     1 ||    13
         Confused          |     1 |       |     1 |     3 |       |     4 |       ||     9
         Paralysed         |       |     1 |       |     1 |       |       |       ||     2
         Petrified         |       |       |       |     1 |     1 |       |     3 ||     5
         Distracted        |       |       |       |       |     1 |     1 |       ||     2
         Invisible         |       |       |       |       |     1 |       |       ||     1
         Petrifying        |       |       |       |       |       |       |     1 ||     1
 Armour: Leather armour    |    54 |   106 |    75 |   186 |   169 |   320 |    76 ||   986
         Steam dragon scal |       |       |    24 |    59 |       |       |       ||    83
         Skin              |       |       |       |       |     1 |       |       ||     1
  Dodge: Dodged            |    59 |   110 |   146 |   443 |   251 |   447 |    70 ||  1526
  Block: Buckler           |       |       |       |    37 |    99 |   315 |    47 ||   498
         Reflection        |       |       |       |       |       |     5 |     8 ||    13

Table legend: (Time is in decaauts)
 A = Elapsed time spent in this place.
 B = Non-inter-level travel time spent in this place.
 C = Inter-level travel time spent in this place.
 D = Time resting spent in this place.
 E = Time spent auto-exploring this place.
 F = Levels seen in this place.
 G = Mean time per level.
                   A        B        C        D        E       F      G
               +--------+--------+--------+--------+--------+-----+--------+
         Total |  32505 |  31340 |   1165 |   8238 |  17270 |  30 | 1083.5 |
       Dungeon |  17162 |  16504 |    658 |   4860 |   8922 |  15 | 1144.1 |
          Lair |   5491 |   5235 |    256 |    330 |   3555 |   5 | 1098.2 |
         Swamp |   7036 |   6860 |    176 |   2641 |   3441 |   4 | 1759.0 |
  Orcish Mines |   1168 |   1094 |     74 |    234 |    583 |   2 |  584.0 |
   Elven Halls |     17 |     17 |      0 |      0 |      0 |   1 |   17.0 |
        Bailey |    638 |    638 |      0 |     67 |    275 |   1 |  638.0 |
       Volcano |    361 |    361 |      0 |     12 |    129 |   1 |  361.0 |
      Gauntlet |    630 |    630 |      0 |     94 |    365 |   1 |  630.0 |
               +--------+--------+--------+--------+--------+-----+--------+

Top non-repeatable levels by time:
     D:1: 5368 daAuts
 Swamp:3: 2323 daAuts
 Swamp:2: 1998 daAuts
 Swamp:4: 1530 daAuts
  Lair:1: 1470 daAuts
    D:10: 1367 daAuts
 Swamp:1: 1185 daAuts
  Lair:3: 1172 daAuts
     D:3: 1105 daAuts
     D:7: 1074 daAuts
  Lair:2: 1074 daAuts
    D:15: 1066 daAuts
   Orc:2: 1046 daAuts
  Lair:5: 1018 daAuts
     D:2: 993 daAuts
